 Dungeon Crawl Stone Soup version 0.26.1-2-gb8aa6d0cf2 (webtiles) character file.

Game seed: 13874914781065659507

371 Alarak the Chopper (level 6, -3/56 HPs)
             Began as a Hill Orc Monk on Mar 18, 2021.
             Slain by Ladykiller69's ghost (6 damage)
             ... on level 3 of the Dungeon.
             The game lasted 00:07:19 (4285 turns).

Alarak the Chopper (Hill Orc Monk)                  Turns: 4285, Time: 00:07:19

Health: -3/56      AC:  7    Str: 16    XL:     6   Next: 71%
Magic:  6/6        EV: 10    Int: 10    God:
Gold:   218        SH:  0    Dex: 13    Spells: 5/5 levels left

rFire    . . .     SeeInvis .   n - +2 scythe (venom)
rCold    . . .     Faith    .   (shield currently unavailable)
rNeg     . . .     Spirit   .   v - +0 scale mail
rPois    .         Reflect  .   (no helmet)
rElec    .         Harm     .   (no cloak)
rCorr    .         Rampage  .   (no gloves)
Will     +....                  (no boots)
Stlth    ..........             (no amulet)
HPRegen  0.18/turn              o - ring of willpower
MPRegen  0.10/turn              (no ring)

@: no status effects
A: no striking features
a: no special abilities


You were on level 3 of the Dungeon.
You visited 1 branch of the dungeon, and saw 5 of its levels.

You collected 218 gold pieces.

Inventory:

Hand Weapons
 a - a +1 hand axe
 n - a +2 scythe of venom (weapon)
Armour
 b - a +0 robe
 f - a +1 ring mail
 v - a +0 scale mail (worn)
Jewellery
 o - a ring of willpower (left hand)
 p - an uncursed amulet of faith {unknown}
Scrolls
 c - 3 scrolls of teleportation
 e - a scroll of remove curse
 g - 4 scrolls of magic mapping {unknown}
 i - a scroll of enchant armour
 j - a scroll of noise {unknown}
 q - a scroll of identify
 t - 2 scrolls of fog {unknown}
Potions
 d - a potion of heal wounds
 h - a potion of berserk rage {unknown}
 k - a potion of curing {unknown}
 l - 2 potions of brilliance {unknown}
 m - 2 potions of degeneration {unknown}
 r - a potion of flight {unknown}
 s - a potion of might {unknown}
 u - 3 potions of ambrosia {unknown}


   Skills:
 - Level 5.1 Fighting
 - Level 7.1 Axes
 + Level 3.9 Armour
 - Level 2.4 Dodging
 - Level 1.5 Stealth


You had 5 spell levels left.
You didn't know any spells.
Your spell library was empty.

Dungeon Overview and Level Annotations

Branches:
Dungeon (5/15)
 Temple: D:4-7

Altars:
Ashenzari
Trog

Annotations:
D:3 1 transporter, Ladykiller69's ghost, amateur OgHu


Message History

You struggle against the net.
The gnoll hits you from afar with a +2 halberd of electrocution!
You are electrocuted!
Ladykiller69's ghost hits you.
You struggle against the net.
The gnoll hits you from afar with a +2 halberd of electrocution!
Ladykiller69's ghost hits you.
You struggle against the net.
The gnoll barely misses you.
Ladykiller69's ghost hits you but does no damage.
You struggle against the net.
The gnoll hits you but does no damage.
Ladykiller69's ghost hits you but does no damage.
You rip the net and break free!
Ladykiller69's ghost hits you.
You closely miss Ladykiller69's ghost.
Ladykiller69's ghost is moderately damaged.
The gnoll hits you from afar with a +2 halberd of electrocution!
* * * LOW HITPOINT WARNING * * *
Ladykiller69's ghost misses you. The gnoll closely misses you.
You barely miss Ladykiller69's ghost.
Ladykiller69's ghost is moderately damaged.
Ladykiller69's ghost hits you.
You die...

#.≈≈≈≈≈≈≈≈≈≈≈...≈≈≈≈≈≈≈≈≈≈≈.###
#.≈≈≈≈≈≈≈≈≈≈≈...≈≈≈≈≈≈≈≈≈≈≈..).
#.≈≈#####.(.........#####≈≈..÷.
#.≈≈# #.#.###.©.###.#g#.#≈≈....
##.≈≈#...###g#####g###...#≈≈....
#..≈≈###..g....g.......###≈≈....
#..≈≈.8#.##'###g######.#8.≈≈....
#..≈≈.##.#..P#P$8#W.$#.##.≈≈....
#..≈≈.#..'.....@⌠#:.$' .#.≈≈....
#..≈≈.##.#P..#.W8#".$#.##.≈≈....
#..≈≈.8#.##'###'######.#8.≈≈....
#..≈≈###..........g.g..###≈≈....
#..≈≈#...###.#####g###...#≈≈.###
#..≈≈#g#g#.###.©.###.#W#.#≈≈...#
#..≈≈#####...........#####≈≈...#
#..≈≈≈≈≈≈≈≈≈≈≈≈≈≈≈≈≈≈≈≈≈≈≈≈≈....
#..≈≈≈≈≈≈≈≈≈≈≈≈≈≈≈≈≈≈≈≈≈≈≈≈≈.#.#


You could see Ladykiller69's ghost and 2 gnolls.

Vanquished Creatures
  Sigmund (D:2)
  A hound (D:5)
  An orc wizard (D:4)
  Jessica (D:2)
  4 adders
  A white imp (D:5)
  An adder zombie (D:1)
  3 leopard geckos
  11 orcs
  3 bats
  10 giant cockroaches
  3 goblins
  5 hobgoblins
  4 jackals (D:2)
  A ball python (D:3)
  3 frilled lizards
  A giant cockroach zombie (D:1)
  A jackal zombie (D:5)
  7 kobolds
  5 rats
67 creatures vanquished.

Vanquished Creatures (others)
  3 plants (D:3)
3 creatures vanquished.

Grand Total: 70 creatures vanquished

Notes
Turn   | Place    | Note
-------+----------+-------------------------------------------
     0 | D:1      | Alarak the Hill Orc Monk began the quest for the Orb.
     0 | D:1      | Reached XP level 1. HP: 19/19 MP: 1/1
   218 | D:1      | Reached XP level 2. HP: 21/27 MP: 2/2
  1138 | D:2      | Reached skill level 1 in Armour
  1207 | D:2      | Reached XP level 3. HP: 21/33 MP: 3/3
  1569 | D:2      | Found a faded altar of an unknown god.
  1657 | D:2      | Noticed Jessica
  1666 | D:2      | Killed Jessica
  1688 | D:2      | Reached XP level 4. HP: 40/40 MP: 4/4
  1931 | D:2      | Noticed Sigmund
  1951 | D:2      | Killed Sigmund
  1952 | D:2      | Reached skill level 7 in Axes
  1952 | D:2      | Reached XP level 5. HP: 11/46 MP: 5/5
  1952 | D:2      | Reached XP level 6. HP: 12/52 MP: 6/6
  3348 | D:3      | Found a broken altar of Ashenzari.
  3349 | D:3      | You fall into a shaft and drop 2 floors!
  3349 | D:5      | Entered Level 5 of the Dungeon
  3527 | D:5      | Reached skill level 5 in Fighting
  3546 | D:5      | Found a bloodstained altar of Trog.
  3997 | D:3      | Found a transporter.
  4003 | D:3      | Found a transporter.
  4006 | D:3      | Noticed Ladykiller69's ghost (amateur OgHu)
  4285 | D:3      | Slain by Ladykiller69's ghost

Illustrated notes

Levels and vault maps discovered:
D:1:      saegor_arrival_fortress, layout_loops_ring
D:2:      layout_basic, chequers_ecumenical_altar_simple_redux, uniq_sigmund,
          uniq_jessica
D:3:      layout_basic, ashenzari_conservatory_becter,
          gammafunk_ghost_gnarly_gnolls
D:4:      layout_basic
D:5:      layout_loops_ring, basic_altar, minmay_misc_feat_chi,
          lemuel_old_faithful

Skill      XL: |  1  2  3  4  5  6 |
---------------+-------------------+-----
Fighting       | 4 5 |  5.1
Armour         | 1 3 |  3.9
Axes           | 7 |  7.1
Dodging        | |  2.4
Stealth        | |  1.5

Action                   |  1- 3 |  4- 6 || total
-------------------------+-------+-------++-------
Melee: Hand axe          |    81 |    35 ||   116
       Scythe            |       |   120 ||   120
  Use: Scroll            |     6 |       ||     6
 Stab: Sleeping          |     1 |     1 ||     2
Armor: Robe              |     2 |       ||     2
       Ring mail         |    23 |    71 ||    94
       Scale mail        |       |     5 ||     5
Dodge: Dodged            |    54 |   115 ||   169
